 Dungeon Crawl Stone Soup version 0.29.1-2-gbd0b4ee654 (webtiles) character file.

Game seed: 5880492638231474828

6503 styxcanada the Unseen (level 10, -10/51 HPs)
             Began as a Spriggan Brigand on Nov 6, 2022.
             Was an Initiate of Gozag.
             Mangled by a five-headed hydra (14 damage)
             ... on level 9 of the Dungeon.
             The game lasted 00:44:09 (12116 turns).

styxcanada the Unseen (Spriggan Brigand)           Turns: 12116, Time: 00:44:09

Health: -10/51     AC:  4    Str:  7    XL:     10   Next: 69%
Magic:  11/11      EV: 28    Int: 12    God:    Gozag
Gold:   1055       SH:  7    Dex: 28    Spells: 9/9 levels left

rFire   + . .      SeeInvis +   h - +3 dagger (elec)
rCold   + . .      Faith    .   K - +0 buckler
rNeg    . . .      Spirit   .   b - +2 robe
rPois   +          Reflect  .   (helmet restricted)
rElec   .          Harm     .   M - scarf {rC+ rF+}
rCorr   .          Rampage  .   (gloves unavailable)
Will    +....                   (boots unavailable)
Stlth   +++++++...              (no amulet)
HPRegen 0.17/turn               G - ring of poison resistance
MPRegen 0.12/turn               z - +6 ring of dexterity

@: gold aura, on berserk cooldown, slowed, studying Evocations, invisible, quick
A: very small, no large weapons, unfitting armour, see invisible, speed 3
a: Renounce Religion, Potion Petition, Call Merchant, Bribe Branch


You were on level 9 of the Dungeon.
You worshipped Gozag.
Gozag was most pleased with you.
You visited 2 branches of the dungeon, and saw 10 of its levels.

You collected 1242 gold pieces.
You spent 67 gold pieces at shops.
You paid 120 gold pieces to Gozag.

Inventory:

Hand Weapons
 a - a +2 dagger
 h - a +3 dagger of electrocution (weapon)
 B - the +6 spear "Axahiv" {vorpal, Fly rPois Will+}
   (You found it on level 5 of the Dungeon)

   It inflicts extra damage upon your enemies.
   rPois:     It protects you from poison.
   Fly:       It grants you flight.
   Will:      It increases your willpower.
 E - a +1 falchion of holy wrath
 H - a +5 short sword
 P - a +2 dagger of holy wrath
Missiles
 d - 2 curare-tipped darts
 e - 8 poisoned darts (quivered)
 i - 72 stones
 A - 5 boomerangs
Armour
 b - a +2 robe (worn)
 c - a +0 cloak
 K - a +0 buckler (worn)
 M - a scarf of resistance (worn)
Jewellery
 s - a +6 ring of intelligence
 z - a +6 ring of dexterity (right hand)
 F - a ring of fire
 G - a ring of poison resistance (left hand)
Wands
 k - a wand of flame (31)
 v - a wand of mindburst (3)
 J - a wand of charming (5)
 O - a wand of polymorph (7)
Scrolls
 g - a scroll of teleportation
 n - 5 scrolls of magic mapping
 r - 3 scrolls of fear
 u - 5 scrolls of immolation
 x - a scroll of silence
 y - 2 scrolls of amnesia
 C - 3 scrolls of butterflies
 L - a scroll of poison {unknown}
 N - a scroll of acquirement {unknown}
 Q - a scroll of identify
Potions
 f - a potion of flight
 l - a potion of mutation
 m - 2 potions of magic
 o - 2 potions of might
 p - 3 potions of brilliance
 q - 9 potions of curing
 t - a potion of cancellation
 w - 3 potions of heal wounds
 D - a potion of berserk rage
 I - 2 potions of haste


   Skills:
 + Level 4.3 Fighting
 + Level 6.8 Short Blades
 + Level 5.9 Throwing
 * Level 9.8 Dodging
 * Level 15.8 Stealth
 * Level 0.8 Shields
 * Level 8.6 Evocations


You had 9 spell levels left.
You didn't know any spells.
Your spell library contained the following spells:

 Spells                   Type           Power      Damage    Failure   Level
 Gell's Gravitas          Tloc           0%         N/A       91%         3
 Lesser Beckoning         Tloc           0%         N/A       91%         3
 Teleport Other           Tloc           0%         N/A       91%         3


Dungeon Overview and Level Annotations

Branches:
Dungeon (9/15)             Temple (1/1) D:6
   Lair: D:8-11         Orc: D:9-12

Altars:
Ashenzari
Cheibriados
Dithmenos
Elyvilon
Fedhas
Gozag
Hepliaklqana
Kikubaaqudgha
Makhleb
Nemelex Xobeh
Okawaru
Qazlal
Sif Muna
Trog
Uskayaw
Vehumet
Wu Jian
Xom
Yredelemnul
The Shining One

Shops:
D:3 :   D:9 [

Annotations:
D:9 1 transporter, styxcanada's ghost, novice SpBr


Innate Abilities, Weirdness & Mutations

You are very small and have problems with some larger weapons.
You are too small for most types of armour.
You have supernaturally acute eyesight. (SInv)
You cover ground extremely quickly. (Speed+++)


Message History

The wyvern completely misses you. The wyvern attacks as you move away!
You block the wyvern's attack. The wyvern completely misses you.
You fade into invisibility!
You block the wyvern's attack. x2; The wyvern misses you.
The wyvern hisses angrily.
The wyvern bites you.
* * * LOW HITPOINT WARNING * * *
You catch the helpless wyvern completely off-guard!
You perforate the wyvern like a sieve!!!
Lightning courses through the wyvern!
You kill the wyvern!
You block the komodo dragon's attack. You block the wyvern's attack.
The komodo dragon barely misses you.
The five-headed hydra is distracted by your dazzling golden aura.
The five-headed hydra roars!
You closely miss the komodo dragon.
The wyvern hisses menacingly.
You block the wyvern's attack.
The komodo dragon completely misses you.
You hit the komodo dragon but do no damage.
The wyvern completely misses you. You block the wyvern's attack.
You strike the helpless komodo dragon from behind!
You stick the komodo dragon like a pincushion!!!
You kill the komodo dragon!
The five-headed hydra is no longer distracted by gold.
The wyvern barely misses you.
The five-headed hydra completely misses you.
You block the five-headed hydra's attack.
The five-headed hydra bites you!
* * * LOW HITPOINT WARNING * * *
The five-headed hydra barely misses you.
The five-headed hydra completely misses you.
The wyvern is distracted by your dazzling golden aura.
The five-headed hydra completely misses you.
The five-headed hydra misses you.
The five-headed hydra completely misses you.
The five-headed hydra bites you!
You die...
Your body crumbles into a pile of gold.

....# #..####.#.#...#.).#......##
....# #.......#..#.##..##......#.
#.### #.......##$#...#.#©......##
#.# ###'#.....)#[#.$...##.#.##...
#.# #.........©#!=.©#...#.#.#####
#.# #..........#$.#...#.#...# #
#.# #.........##...l.#.##.#######
#'###.........#$D#.#...#.........
....#.........#.@#.#...#.########
....#.........##.lW....#.#
....'..........###.©.###[#
....#............#####...#
>...##....######.......###
....##....# #..###.## ....##....#
#..# #.# ....##....######..# #.#
....##............# #.#


You could see a five-headed hydra (unable to see you), a wyvern (unaware, unable
to see you) and styxcanada's ghost.

Vanquished Creatures
  Pikel (D:5)
  A moth of wrath (D:9)
  A komodo dragon (D:9)
  Prince Ribbit (D:6)
  2 wyverns (D:9)
  4 yaks (D:9)
  A steam dragon (D:8)
  Menkaure (D:6)
  A water moccasin (D:7)
  4 orc warriors
  An ice beast (D:7)
  3 sky beasts (D:7)
  2 black bears
  2 ogres
  3 centaurs
  A kobold brigand (D:5)
  A gnoll sergeant (D:8)
  2 necrophages (D:6)
  4 bullfrogs
  4 scorpions
  19 wights
  5 killer bees (D:8)
  A howler monkey (D:9)
  4 hounds
  A jelly (D:5)
  A lava snake (D:7)
  3 orc priests
  2 gnoll boudas
  5 orc wizards
  2 iguanas (D:5)
  Robin (D:3)
  15 gnolls
  11 adders
  A shadow imp (D:7)
  5 white imps
  2 ufetubi
  2 worms
  3 dart slugs
  42 orcs
  5 endoplasms
  5 giant cockroaches
  24 goblins
  10 hobgoblins
  8 jackals
  8 kobolds
  4 quokkas
  4 ball pythons
  4 bats
  4 frilled lizards
  4 rats
245 creatures vanquished.

Notes
Turn   | Place    | Note
-------+----------+-------------------------------------------
     0 | D:1      | styxcanada the Spriggan Brigand began the quest for the
                  | Orb.
     0 | D:1      | Reached XP level 1. HP: 10/10 MP: 2/2
    22 | D:1      | Reached skill level 6 in Stealth
    41 | D:1      | Noticed a golden eye
    46 | D:1      | Found a faded altar of an unknown god.
    48 | D:1      | Noticed a great orb of eyes
    48 | D:1      | Noticed a floating eye
    48 | D:1      | Noticed a floating eye
    73 | D:1      | Reached XP level 2. HP: 7/14 MP: 3/3
   542 | D:1      | Reached skill level 7 in Stealth
  1442 | D:1      | Reached XP level 3. HP: 18/18 MP: 4/4
  2261 | D:2      | Reached skill level 8 in Stealth
  2261 | D:2      | Reached XP level 4. HP: 23/23 MP: 5/5
  2543 | D:3      | Noticed Robin
  2596 | D:3      | Killed Robin
  2805 | D:3      | Found Fariola's Book Shop.
  3495 | D:4      | Reached XP level 5. HP: 21/26 MP: 6/6
  3999 | D:4      | Found a hazy altar of Hepliaklqana.
  4079 | D:4      | Noticed a black bear
  4099 | D:4      | Reached skill level 9 in Stealth
  4157 | D:4      | Killed a black bear
  4158 | D:4      | Reached XP level 6. HP: 31/31 MP: 7/7
  4454 | D:4      | Identified the +8 mace of Ambiguity {venom, rF+ rN+ Int+7}
  4707 | D:5      | Entered Level 5 of the Dungeon
  4742 | D:5      | Noticed Pikel
  4823 | D:5      | Killed Pikel
  4824 | D:5      | Reached skill level 5 in Dodging
  4824 | D:5      | Reached skill level 10 in Stealth
  4824 | D:5      | Reached XP level 7. HP: 36/36 MP: 8/8
  5041 | D:5      | Reached XP level 8. HP: 30/40 MP: 9/9
  5432 | D:5      | Reached skill level 1 in Evocations
  5460 | D:5      | Found a bloodstained altar of Trog.
  5902 | D:5      | Identified the +6 spear "Axahiv" {vorpal, Fly rPois Will+}
  6065 | D:6      | Reached skill level 11 in Stealth
  6156 | D:6      | Noticed Menkaure
  6167 | D:6      | Killed Menkaure
  6168 | D:6      | Reached skill level 5 in Throwing
  6653 | D:6      | Found a staircase to the Ecumenical Temple.
  6662 | Temple   | Entered the Ecumenical Temple
  6741 | Temple   | Became a worshipper of Gozag Ym Sagoz the Greedy
  6809 | D:6      | Noticed Prince Ribbit
  6817 | D:6      | Killed Prince Ribbit
  6818 | D:6      | Reached XP level 9. HP: 45/45 MP: 10/10
  7115 | D:6      | Found a stormy altar of Qazlal.
  7201 | D:6      | Reached skill level 5 in Evocations
  7353 | D:6      | Reached skill level 5 in Short Blades
  7353 | D:6      | Reached skill level 12 in Stealth
  7831 | D:7      | Reached skill level 13 in Stealth
  8244 | D:7      | Found a hide-covered altar of Uskayaw.
  8730 | D:7      | Found a sparkling altar of Nemelex Xobeh.
  8916 | D:8      | Found a radiant altar of Vehumet.
  8981 | D:8      | Reached skill level 14 in Stealth
  9573 | D:8      | Found a shadowy altar of Dithmenos.
  9575 | D:8      | Reached XP level 10. HP: 49/49 MP: 11/11
 10728 | D:9      | Found a transporter.
 10733 | D:9      | Noticed styxcanada's ghost (novice SpBr)
 10862 | D:9      | Found a transporter.
 10868 | D:9      | Noticed a five-headed hydra
 10975 | D:9      | Noticed a moth of wrath
 11032 | D:9      | Found Qebafeh's Armour Shoppe.
 11053 | D:9      | Reached skill level 15 in Stealth
 11085 | D:9      | Bought a +0 buckler for 67 gold pieces
 12099 | D:9      | Killed a moth of wrath
 12116 | D:9      | Mangled by a five-headed hydra

Illustrated notes

Levels and vault maps discovered:
D:1:      zaba_arrival_water, layout_loops_ring,
          hellmonk_ecumenical_altar_watching_god, supply_closet_lemuel
D:2:      layout_rooms, minmay_unequal
D:3:      layout_loops_corners, serial_shops, nicolae_shop_hallway_stairs,
          nicolae_concentric_dashed_squares_mild, uniq_robin
D:4:      layout_loops_ring, kennysheep_mini, chequers_ossuary_entry_cave,
          minmay_vboxes
D:5:      layout_basic, trog_antimagical, minmay_manual_mail, uniq_pikel
D:6:      layout_basic, nicolae_qazlal_general_emergency,
          lemuel_temple_firewalk_a, minmay_ogre_servants, uniq_prince_ribbit1,
          uniq_menkaure
D:7:      layout_loops_ring, nicolae_uskayaw_suspiria,
          mainiacjoe_overflow_brackets, st_stairs_11
D:8:      layout_loops_ring, mainiacjoe_overflow_six_doors_small,
          vehumet_altar_wand_db
D:9:      layout_basic, serial_shops, nicolae_square_shop,
          gammafunk_ghost_berserking_beasts
Temple:   hellmonk_temple_forest_ring

Skill      XL: |  1  2  3  4  5  6  7  8  9 10 |
---------------+-------------------------------+-----
Stealth        | 6 7 8 9 10 11 14 15 | 15.8
Dodging        | 2 3 5 7 8 9 |  9.8
Fighting       | 2 3 4 |  4.3
Short Blades   | 3 4 6 |  6.8
Throwing       | 4 5 |  5.9
Evocations     | 4 7 8 |  8.6
Shields        | |  0.8

Action                   |  1- 3 |  4- 6 |  7- 9 | 10-12 || total
-------------------------+-------+-------+-------+-------++-------
Melee: Dagger            |    92 |   146 |   277 |   167 ||   682
       Punch             |     2 |     1 |     6 |     2 ||    11
Throw: Dart              |    10 |    58 |    31 |     8 ||   107
       Stone             |       |       |    15 |       ||    15
Evoke: Wand              |       |     2 |     7 |     4 ||    13
  Use: Scroll            |     7 |     9 |     5 |     4 ||    25
       Potion            |       |       |     1 |     1 ||     2
 Stab: Sleeping          |    10 |     9 |    18 |    10 ||    47
       Distracted        |       |       |     5 |       ||     5
       Invisible         |       |       |     1 |     2 ||     3
Armor: Robe              |    13 |    12 |    11 |     3 ||    39
Dodge: Dodged            |    50 |    99 |   221 |   121 ||   491
Block: Buckler           |       |       |       |    23 ||    23
